 Dungeon Crawl Stone Soup version 0.29-a0-334-gb41bcbb86e (webtiles) character file.

Game seed: 17829183776209304369

48489 Jortsu the Cleaver (level 13, -9/104 HPs)
             Began as a Demonspawn Fighter on Apr 13, 2022.
             Was the Champion of Jiyva.
             Mangled by a catoblepas (17 damage)
             ... on level 6 of the Lair of Beasts on Apr 14, 2022.
             The game lasted 00:33:13 (13869 turns).

Jortsu the Cleaver (Demonspawn Fighter)            Turns: 13869, Time: 00:33:14

Health: -9/104     AC: 23    Str: 21    XL:     13   Next: 47%
Magic:  13/13      EV:  7    Int: 17    God:    Jiyva [******]
Gold:   894        SH: 10    Dex: 16    Spells: 12/12 levels left

rFire   + . .      SeeInvis +   r - +1 war axe of the Lumpy Coins {flame, rC++ Will++ Dex+3}
rCold   + + .      Faith    .   c - +0 buckler
rNeg    . . .      Spirit   .   o - +3 plate armour "Popsipsa" {Will+ Regen+ Int+3}
rPois   .          Reflect  .   u - +0 helmet
rElec   .          Harm     .   D - +2 cloak
rCorr   +          Rampage  .   l - +1 Delatra's gloves {ID++}
Will    +++..      Clarity  +   (no boots)
Stlth   ..........              (no amulet)
HPRegen 2.67/turn               b - ring of see invisible
MPRegen 0.63/turn               t - ring of protection from fire

@: lethally poisoned (-9 -> -16), studying Armour
A: slimy green scales 1, demonic guardian 2, foul stench 1, weakness stinger 2,
talons 1, large bone plates 1, clarity, clever 2, pseudopods 2, tendrils
}: 1/15 runes: slimy
a: Renounce Religion, Oozemancy, Slimify


You were on level 6 of the Lair of Beasts.
You worshipped Jiyva.
Jiyva was exalted by your worship.
You visited 3 branches of the dungeon, and saw 21 of its levels.
You also visited: Bailey.

You collected 1877 gold pieces.
You spent 983 gold pieces at shops.

Inventory:

Hand Weapons
 a - a +0 war axe
 q - the +7 trident "Gyroxzeawe" {freeze, rElec Stlth+}
   (You found it on level 8 of the Dungeon)

   It freezes those it strikes, dealing additional cold damage.
   It can also slow down cold-blooded creatures.
   rElec:     It insulates you from electricity.
   Stlth:     It makes you more stealthy.
 r - the +1 war axe of the Lumpy Coins (weapon) {flame, rC++ Will++ Dex+3}
   (You bought it in a shop on level 4 of the Dungeon)

   It burns those it strikes, dealing additional fire damage.
   Big, fiery blades are also staple armaments of hydra-hunters.
   Dex:       It affects your dexterity (+3).
   rC:        It greatly protects you from cold.
   Will:      It greatly increases your willpower.
Armour
 c - a +0 buckler (worn)
 l - the +1 Delatra's gloves (worn) {ID++}
   (You found it on level 3 of the Dungeon)

   It heals its wearer when they drink unknown potions.
   It restores its wearer's MP when they read unknown scrolls.
 o - the +3 plate armour "Popsipsa" (worn) {Will+ Regen+ Int+3}
   (You bought it in a shop on level 2 of the Dungeon)

   Int:       It affects your intelligence (+3).
   Regen:     It increases your rate of health regeneration.
   Will:      It increases your willpower.
 u - a +0 helmet (worn)
 D - a +2 cloak (worn)
 K - the +1 plate armour of Greater Demons {+Blink rElec rPois}
   (You found it on level 5 of the Pits of Slime)

   rElec:     It insulates you from electricity.
   rPois:     It protects you from poison.
   +Blink:    It lets you blink.
Jewellery
 b - a ring of see invisible (left hand)
 j - a ring of magical power
 p - an amulet of magic regeneration
 t - a ring of protection from fire (right hand)
 w - a ring of flight
 C - a ring of protection from cold
 E - the ring of Wipych {+Blink rElec rN+ Will++ Str-3}
   (You found it on level 5 of the Pits of Slime)

   [ring of positive energy]

   Str:       It affects your strength (-3).
   rElec:     It insulates you from electricity.
   rN:        It protects you from negative energy.
   +Blink:    It lets you blink.
   Will:      It greatly increases your willpower.
 G - a +6 ring of intelligence
Wands
 f - a wand of polymorph (5)
 v - a wand of flame (20)
 y - a wand of paralysis (8)
 B - a wand of iceblast (6)
 F - a wand of acid (4)
Scrolls
 d - 2 scrolls of enchant weapon
 m - a scroll of teleportation
 n - 3 scrolls of amnesia
 x - a scroll of blinking
 I - a scroll of silence
Potions
 e - 3 potions of ambrosia
 g - 2 potions of mutation
 h - 2 potions of resistance
 i - 9 potions of curing
 k - 3 potions of lignification
 s - 3 potions of flight
 z - 2 potions of invisibility
 A - 2 potions of might
 H - a potion of heal wounds
 J - a potion of haste


   Skills:
 + Level 10.7 Fighting
 + Level 14.0 Axes
 + Level 12.3 Armour
 + Level 2.1 Dodging
 + Level 2.5 Stealth
 + Level 9.1 Shields


You had 12 spell levels left.
You didn't know any spells.
Your spell library contained the following spells:

 Spells                   Type           Power      Damage    Failure   Level
 Magic Dart               Conj           0%         1d3       98%         1
 Corpse Rot               Necr/Air       0%         N/A       99%         2
 Poisonous Vapours        Pois/Air       0%         N/A       99%         2
 Searing Ray              Conj           0%         2d4       99%         2
 Confusing Touch          Hex            0%         N/A       100%        3
 Fulminant Prism          Conj/Hex       0%         3d6       100%        4
 Freezing Cloud           Conj/Ice/Air   0%         6-21      100%        5
 Yara's Violent Unravell  Hex/Tmut       0%         3d3       100%        5
 Simulacrum               Ice/Necr       0%         N/A       100%        6
 Enfeeble                 Hex            0%         N/A       100%        7
 Polar Vortex             Ice            0%         N/A       100%        9


Dungeon Overview and Level Annotations

Branches:
Dungeon (10/15)            Temple (0/1) D:7            Lair (6/6) D:10
  Swamp (0/4) Lair:2        Snake (0/4) Lair:4        Slime (5/5) Lair:5
    Orc (0/2) D:9          Bailey (visited)

Altars:
Cheibriados
Gozag
Kikubaaqudgha
Beogh
Jiyva

Shops:
D:2 [   D:4 (   D:5 *   D:7 [   D:9 (   D:10 :

Annotations:
Slime:5 Dissolution, Royal Jelly


Innate Abilities, Weirdness & Mutations

You are partially covered in slimy green scales. (AC +2)
A demonic guardian rushes to your aid.
You may rarely emit foul miasma when damaged in melee.
You have a tail ending in a sharp stinger.
You have sharp toenails.
You are partially covered in large bone plates. (SH +4)
You possess an exceptional clarity of mind.
Your mind is very acute. (Int +4)
Armour fits poorly on your large pseudopods.
You are covered in slimy tendrils that may disarm your opponents.


Message History

You claw the catoblepas, but do no damage.
Your tail-slap misses the catoblepas.
You bludgeon the catoblepas, but do no damage.
The catoblepas is moderately wounded.
You hit the black mamba but do no damage.
You hit the cane toad but do no damage. x2; You hit the black mamba.
You burn the black mamba.
You feel very sick.
The black mamba bites you but does no damage.
You block the black mamba's attack. The catoblepas gores you!!
The cane toad stings you.
You are more poisoned.
The cane toad poisons you! The cane toad closely misses you.
You hit the catoblepas but do no damage.
You bludgeon the catoblepas, but do no damage.
The catoblepas is moderately wounded.
You hit the black mamba but do no damage.
You slash the cane toad! You burn the cane toad.
You closely miss the cane toad. You closely miss the black mamba.
You feel extremely sick. The black mamba barely misses you.
You block the black mamba's attack. The black mamba closely misses you.
The black mamba barely misses you. The catoblepas gores you!
* * * LOW HITPOINT WARNING * * *
A demonic guardian appears!
The cane toad stings you.
* * * LOW HITPOINT WARNING * * *
The cane toad misses you.
You hit the cane toad but do no damage.
The cane toad is moderately wounded.
You slash the cane toad! You burn the cane toad.
You hit the black mamba but do no damage.
You hit the catoblepas but do no damage.
You hit the black mamba but do no damage.
* * * LOW HITPOINT WARNING * * *
You feel very sick.
The black mamba bites you but does no damage.
The black mamba barely misses you.
The cane toad stings you but does no damage. x2
The catoblepas gores you!
You die...

........##.....
........#.........
.................
................ .
................
..## ...............
....###....YS.......
#.....#.##..@.......
#........#SFF......
##.....<..3........
...###....#.........
......#.##..........
....$...............
....................
..............♣♣♣...
♣♣.♣♣..?....♣♣♣ ♣♣


You could see a catoblepas, 2 black mambas, 2 cane toads and a friendly soul
eater (summoned).

Vanquished Creatures
  Snorg (Lair:4)
  5 hydras
  2 two-headed ogres
  Sonja (Lair:4)
  Nergalle (Lair:4)
  Pikel (D:6)
  A lindwurm (Lair:5)
  3 orc knights (Bailey)
  3 elephants (Lair:5)
  3 black mambas
  3 komodo dragons
  10 cane toads
  3 kobold demonologists
  A rime drake (Lair:5)
  3 tengu conjurers (D:10)
  3 polar bears
  4 trolls
  Grinder (D:3)
  7 blink frogs
  A dream sheep (Lair:3)
  A shadow (D:7)
  8 wyverns
  32 yaks
  A wraith (D:10)
  3 basilisks
  6 steam dragons
  5 vampire mosquitoes (Lair:2)
  15 water moccasins
  An ice beast (D:7)
  10 orc warriors
  3 sky beasts
  2 black bears
  An ogre (D:6)
  3 centaurs
  16 wolves
  A necrophage (D:7)
  14 bullfrogs
  A gnoll sergeant (D:8)
  3 scorpions
  4 wights
  16 killer bees
  6 electric eels
  A howler monkey (D:6)
  5 hounds
  2 orc priests
  9 orc wizards
  4 iguanas
  8 gnolls
  6 adders
  A shadow imp (D:8)
  A white imp (D:7)
  An ufetubus (D:6)
  3 worms (D:2)
  4 dart slugs
  59 orcs
  6 bats
  4 endoplasms
  3 giant cockroaches (D:2)
  11 goblins
  15 hobgoblins
  A jackal (D:5)
  2 quokkas
  4 ball pythons
  6 frilled lizards
  6 kobolds
  9 rats
380 creatures vanquished.

Vanquished Creatures (collateral kills)
  A hydra (Lair:6)
  A komodo dragon (Lair:2)
  A blink frog (Lair:5)
  3 yaks
  A scorpion (D:3)
  A howler monkey (D:9)
  An iguana (D:5)
  An orc (D:8)
  A goblin (Bailey)
11 creatures vanquished.

Vanquished Creatures (others)
  A komodo dragon (Lair:1)
  A shadow (D:7)
  A yak (D:8)
  A water moccasin (D:7)
  Duvessa (D:4)
  A human (D:3)
  A wolf (Lair:1)
  A phantom (D:5)
  A necrophage (D:7)
  2 bullfrogs (D:7)
  3 scorpions
  A wight (D:8)
  Dowan (D:4)
  2 howler monkeys
  42 jellies
  2 hounds
  An iguana (D:7)
  3 orc wizards
  A gnoll (D:4)
  A worm (D:4)
  13 orcs
  2 hobgoblins
  5 jackals
  A ball python (D:4)
  2 butterflies (Lair:1)
  49 fungi
  126 plants
  2 withered plants (D:3)
268 creatures vanquished.

Grand Total: 659 creatures vanquished

Notes
Turn   | Place    | Note
-------+----------+-------------------------------------------
     0 | D:1      | Jortsu the Demonspawn Fighter began the quest for the Orb.
     0 | D:1      | Reached XP level 1. HP: 18/18 MP: 1/1
   206 | D:1      | Gained mutation: You have a small tail. [demonic ancestry]
   206 | D:1      | Reached XP level 2. HP: 20/24 MP: 2/2
   388 | D:1      | Reached skill level 2 in Axes
  1081 | D:2      | Reached XP level 3. HP: 28/29 MP: 3/3
  1333 | D:2      | Found Saqeozo's Armour Emporium.
  1602 | D:2      | You fall into a shaft and drop 1 floor!
  2026 | D:3      | Reached skill level 3 in Axes
  2026 | D:3      | Gained mutation: You have a tail ending in a sharp stinger.
                  | [demonic ancestry]
  2026 | D:3      | Reached XP level 4. HP: 35/35 MP: 4/4
  2039 | D:3      | Noticed Grinder
  2044 | D:3      | Killed Grinder
  2045 | D:3      | Reached skill level 4 in Axes
  2045 | D:3      | Gained mutation: A weak demonic guardian rushes to your
                  | aid. [demonic ancestry]
  2045 | D:3      | Reached XP level 5. HP: 32/42 MP: 5/5
  2059 | D:3      | Gained mutation: You may rarely emit foul miasma when
                  | damaged in melee. [demonic ancestry]
  2059 | D:3      | Reached XP level 6. HP: 36/48 MP: 6/6
  2512 | D:3      | Found the +1 Delatra's gloves {ID++}
  2527 | D:3      | Reached skill level 1 in Dodging
  2939 | D:3      | Found a faded altar of an unknown god.
  2950 | D:3      | Prayed at the altar of an unknown god.
  2950 | D:3      | Became a worshipper of Jiyva Jeckyiho the Shapeless
  2950 | D:3      | Reached * piety under Jiyva
  2983 | D:3      | Found an ancient bone altar of Kikubaaqudgha.
  2997 | D:3      | Noticed a human
  2998 | D:3      | Killed a human
  3564 | D:4      | Reached ** piety under Jiyva
  3641 | D:4      | Killed Dowan
  3695 | D:4      | Killed Duvessa
  3918 | D:4      | Found Zaraisij's Antique Weapon Boutique.
  3926 | D:4      | Bought an ancient war axe for 187 gold pieces
  3926 | D:4      | Identified the +1 war axe of the Lumpy Coins {flame, rC++
                  | Will++ Dex+3} (You bought it in a shop on level 4 of the
                  | Dungeon)
  3975 | D:4      | Identified a scroll of acquirement
  3975 | D:4      | Acquired 783 gold pieces
  4025 | D:2      | Bought the +3 plate armour "Popsipsa" {Will+ Regen+ Int+3}
                  | for 796 gold pieces
  4107 | D:5      | Entered Level 5 of the Dungeon
  4149 | D:5      | Reached skill level 1 in Stealth
  4243 | D:5      | Gained mutation: A demonic guardian rushes to your aid.
                  | [demonic ancestry]
  4243 | D:5      | Reached XP level 7. HP: 54/54 MP: 7/7
  4279 | D:5      | Reached skill level 5 in Axes
  4531 | D:5      | Found Gozag's Platinum Reserve.
  4546 | D:5      | Found an opulent altar of Gozag.
  4557 | D:5      | Reached *** piety under Jiyva
  4640 | D:5      | Gained mutation: Armour fits poorly on your pseudopods.
                  | [Jiyva's grace]
  4640 | D:5      | Gained mutation: Armour fits poorly on your large
                  | pseudopods. [Jiyva's grace]
  4640 | D:5      | Gained mutation: Armour fits poorly on your massive
                  | pseudopods. [Jiyva's grace]
  4640 | D:5      | Gained mutation: Your flesh is cold resistant. (rC+)
                  | [Jiyva's grace]
  4706 | D:6      | Reached XP level 8. HP: 58/61 MP: 8/8
  4727 | D:6      | Reached skill level 6 in Axes
  4727 | D:6      | Reached skill level 5 in Armour
  4845 | D:6      | Noticed Pikel
  4853 | D:6      | Noticed a two-headed ogre
  4854 | D:6      | Killed Pikel
  4855 | D:6      | Reached skill level 5 in Fighting
  4855 | D:6      | Reached skill level 7 in Axes
  4860 | D:6      | Killed a two-headed ogre
  4861 | D:6      | Reached XP level 9. HP: 67/69 MP: 9/9
  5003 | D:6      | Reached skill level 8 in Axes
  5475 | D:7      | Reached **** piety under Jiyva
  5585 | D:7      | Found Cheibriados's Comfort Zone.
  5585 | D:7      | Found a snail-covered altar of Cheibriados.
  5672 | D:7      | Noticed a kobold demonologist
  5679 | D:7      | Noticed an ice devil
  5685 | D:7      | Noticed an orange demon
  5702 | D:7      | Noticed an ice devil
  5722 | D:7      | Killed a kobold demonologist
  5844 | D:7      | Found a staircase to the Ecumenical Temple.
  6075 | D:7      | Reached skill level 5 in Shields
  6075 | D:7      | Gained mutation: You are partially covered in slimy green
                  | scales. (AC +2) [demonic ancestry]
  6075 | D:7      | Reached XP level 10. HP: 52/79 MP: 10/10
  6367 | D:8      | Reached skill level 9 in Axes
  6461 | D:8      | Identified the +7 trident "Gyroxzeawe" {freeze, rElec
                  | Stlth+}
  6461 | D:8      | Noticed a two-headed ogre
  6472 | D:8      | Killed a two-headed ogre
  6596 | D:8      | Reached skill level 10 in Axes
  6608 | D:8      | Reached ***** piety under Jiyva
  6851 | D:8      | Lost mutation: Your flesh is cold resistant. (rC+) [Jiyva's
                  | grace]
  6851 | D:8      | Lost mutation: Armour fits poorly on your massive
                  | pseudopods. [Jiyva's grace]
  6851 | D:8      | Gained mutation: Your melee attacks may engulf your foes in
                  | ooze. [Jiyva's grace]
  6851 | D:8      | Gained mutation: You are partially covered in large bone
                  | plates. (SH +4) [Jiyva's grace]
  6851 | D:8      | Gained mutation: You are mostly covered in large bone
                  | plates. (SH +6) [Jiyva's grace]
  6851 | D:8      | Gained mutation: You are completely covered in large bone
                  | plates. (SH +8) [Jiyva's grace]
  7297 | D:9      | Found a staircase to the Orcish Mines.
  7301 | D:9      | Found Gyeps's Weapon Boutique.
  7387 | D:9      | Found a flagged portal.
  7393 | Bailey   | Entered a bailey
  7538 | Bailey   | Noticed an orc knight
  7544 | Bailey   | Killed an orc knight
  7545 | Bailey   | Reached XP level 11. HP: 87/87 MP: 11/11
  7593 | Bailey   | Found an iron altar of Okawaru.
  7594 | Bailey   | Noticed an orc knight
  7620 | Bailey   | Killed an orc knight
  7686 | Bailey   | Noticed an orc knight
  7696 | Bailey   | Killed an orc knight
  7725 | Bailey   | Reached skill level 11 in Axes
  7780 | Bailey   | Acquired a manual of Armour
  7784 | Bailey   | Acquired a ring of flight
  8497 | D:10     | Entered Level 10 of the Dungeon
  8595 | D:10     | Found a staircase to the Lair.
  8825 | D:10     | Found Viawneos's Book Boutique.
  8879 | D:10     | Found the +0 staff of Battle
  9081 | Lair:1   | Entered Level 1 of the Lair of Beasts
  9180 | Lair:1   | Reached skill level 12 in Axes
  9197 | Lair:1   | Noticed a six-headed hydra
  9221 | Lair:1   | Killed a one-headed hydra
  9251 | Lair:1   | Reached ****** piety under Jiyva
  9378 | Lair:1   | Lost mutation: You are completely covered in large bone
                  | plates. (SH +8) [Jiyva's grace]
  9378 | Lair:1   | Lost mutation: Your melee attacks may engulf your foes in
                  | ooze. [Jiyva's grace]
  9378 | Lair:1   | Gained mutation: You have sharp toenails. [Jiyva's grace]
  9378 | Lair:1   | Gained mutation: You have razor-sharp toenails. [Jiyva's
                  | grace]
  9378 | Lair:1   | Gained mutation: You have claws for feet. [Jiyva's grace]
  9378 | Lair:1   | Gained mutation: You are covered in slimy tendrils that may
                  | disarm your opponents. [Jiyva's grace]
  9791 | Lair:2   | Reached XP level 12. HP: 91/95 MP: 12/12
 10088 | Lair:2   | Found a staircase to the Swamp.
 10255 | Lair:2   | Reached skill level 10 in Armour
 11431 | Lair:3   | Reached skill level 13 in Axes
 11465 | Lair:3   | Noticed a seven-headed hydra
 11474 | Lair:3   | Killed a two-headed hydra
 11515 | Lair:3   | Reached skill level 10 in Fighting
 11747 | Lair:4   | Noticed Sonja
 11767 | Lair:4   | Lost mutation: You have claws for feet. [Jiyva's grace]
 11767 | Lair:4   | Lost mutation: You have razor-sharp toenails. [Jiyva's
                  | grace]
 11767 | Lair:4   | Lost mutation: You are mostly covered in large bone plates.
                  | (SH +6) [Jiyva's grace]
 11767 | Lair:4   | Lost mutation: You are covered in slimy tendrils that may
                  | disarm your opponents. [Jiyva's grace]
 11767 | Lair:4   | Gained mutation: Your mind is acute. (Int +2) [Jiyva's
                  | grace]
 11767 | Lair:4   | Gained mutation: Your mind is very acute. (Int +4) [Jiyva's
                  | grace]
 11767 | Lair:4   | Gained mutation: You are covered in slimy tendrils that may
                  | disarm your opponents. [Jiyva's grace]
 11767 | Lair:4   | Gained mutation: You possess an exceptional clarity of
                  | mind. [Jiyva's grace]
 11775 | Lair:4   | Killed Sonja
 11866 | Lair:4   | You fall into a shaft and drop 1 floor!
 11866 | Lair:5   | Found a viscous altar of Jiyva.
 11866 | Lair:5   | Found a staircase to the Slime Pits.
 11925 | Lair:5   | Reached XP level 13. HP: 69/103 MP: 13/13
 12111 | Lair:4   | Noticed Snorg
 12128 | Lair:4   | Killed Snorg
 12137 | Lair:4   | Noticed Nergalle
 12155 | Lair:4   | Killed Nergalle
 12332 | Lair:4   | Found a staircase to the Snake Pit.
 12711 | Lair:5   | Identified the +1 scale mail of Entitlement {rC- Regen+
                  | Dex+3}
 12820 | Lair:5   | Reached skill level 14 in Axes
 12833 | Slime:1  | Entered Level 1 of the Pits of Slime
 12910 | Slime:2  | Noticed an azure jelly
 12937 | Slime:3  | Noticed an acid blob
 12937 | Slime:3  | Noticed an azure jelly
 12939 | Slime:3  | Noticed a quicksilver ooze
 13022 | Slime:3  | Noticed an azure jelly
 13102 | Slime:5  | Entered Level 5 of the Pits of Slime
 13102 | Slime:5  | Noticed an azure jelly
 13152 | Slime:5  | Noticed an acid blob
 13163 | Slime:5  | Noticed an acid blob
 13164 | Slime:5  | Noticed a quicksilver ooze
 13167 | Slime:5  | Noticed an acid blob
 13168 | Slime:5  | Found a viscous altar of Jiyva.
 13169 | Slime:5  | Noticed a rockslime
 13169 | Slime:5  | Noticed a rockslime
 13169 | Slime:5  | Noticed a rockslime
 13170 | Slime:5  | Noticed a quicksilver ooze
 13172 | Slime:5  | Noticed a rockslime
 13172 | Slime:5  | Noticed an acid blob
 13173 | Slime:5  | Identified the ring of Wipych {+Blink rElec rN+ Will++
                  | Str-3}
 13184 | Slime:5  | Got a slimy rune of Zot
 13200 | Slime:5  | Identified the +1 plate armour of Greater Demons {+Blink
                  | rElec rPois}
 13217 | Slime:5  | Noticed a rockslime
 13218 | Slime:5  | Noticed an acid blob
 13241 | Slime:5  | Noticed Dissolution
 13248 | Slime:5  | Noticed an acid blob
 13257 | Slime:5  | Noticed the Royal Jelly
 13257 | Slime:5  | Noticed an acid blob
 13480 | Slime:4  | Noticed an acid blob
 13517 | Slime:2  | Noticed an acid blob
 13808 | Lair:5   | Upgraded the game from 0.29-a0-333-gb4c28e87c6 to
                  | 0.29-a0-334-gb41bcbb86e
 13832 | Lair:6   | Entered Level 6 of the Lair of Beasts
 13869 | Lair:6   | Mangled by a catoblepas

Illustrated notes

Levels and vault maps discovered:
D:1:      dpeg_arrival_connections, layout_basic, chequers_jeans
D:2:      layout_rooms, serial_shops, shop, grunt_ministairs_11,
          minmay_misc_feat_iff, kennysheep_big_empty_room
D:3:      layout_basic, tgw_kikubaaqudgha, shapermc_ecumenical_altar_flowoftime,
          pf_guarded_unrand_delatra, uniq_grinder
D:4:      layout_loops_ring, serial_shops, nicolae_square_shop, uniq_duvessa
D:5:      layout_rooms, nicolae_gozag_zags_fifth_avenue,
          kennysheep_generic_room_2, uniq_ijyb
D:6:      layout_loops_ring, kennysheep_generic_room_10, uniq_pikel
D:7:      nzn_winding_woodlands_cross [nzn_winding_woodlands_5x15_sawtooth,
          nzn_winding_woodlands_5x15_river_crossing,
          nzn_winding_woodlands_5x15_zeroes,
          nzn_winding_woodlands_5x15_sidewinder,
          nzn_winding_woodlands_15x15_killbox], layout_loops_cross,
          temple_doors_e, minmay_shop_chei, chequers_serial_rivers_micro_e
D:8:      layout_loops_ring
D:9:      layout_basic, orc_david_3, enter_bailey_3
D:10:     layout_rooms, minmay_lair_entry_grove, serial_shops,
          nicolae_lakefront_shop, special_room [special_room_orc],
          hellmonk_guarded_unrand_staff_of_battle
Lair:1:   layout_small_grid, lemuel_fruit_fields
Lair:2:   layout_loops_ring, minmay_swamp_entry_swarm, grunt_megastairs_2
Lair:3:   layout_long_grid, serial_bayou_lagoon_a, nzn_random_ring,
          grunt_megastairs_3, lemuel_fruit_tree, serial_bayou_shore_b,
          infiniplex_staircase_pool_2
Lair:4:   layout_regular_city, dummy_snake_entry, grunt_megastairs_5,
          uniq_snorg, uniq_nergalle, uniq_sonja
Lair:5:   layout_big_grid, slime_altar_1
Lair:6:   evil_forest, layout_regular_city, maelrawn_ghost_gauntlet_escape,
          grunt_megastairs_4
Slime:1:  layout_caves
Slime:2:  layout_caves, cheibrodos_slime_lost_civilization_5
Slime:3:  layout_caves
Slime:4:  layout_caves
Slime:5:  uniq_dissolution

Skill      XL: |  1  2  3  4  5  6  7  8  9 10 11 12 13 |
---------------+----------------------------------------+-----
Axes           | 2 3 4 5 7 8 10 12 13 14 | 14.0
Armour         | 3 4 5 7 9 11 12 | 12.3
Shields        | 3 4 5 7 8 9 |  9.1
Dodging        | 1 2 |  2.1
Fighting       | 4 5 7 8 9 10 | 10.7
Stealth        | 1 2 |  2.5

Action                   |  1- 3 |  4- 6 |  7- 9 | 10-12 | 13-15 || total
-------------------------+-------+-------+-------+-------+-------++-------
Melee: War axe           |    97 |    77 |   200 |   624 |   112 ||  1110
       Tailslap          |    15 |    14 |    20 |   103 |    19 ||   171
       Pseudopods        |       |       |    24 |   127 |    27 ||   178
       Kick              |       |       |       |    93 |    42 ||   135
  Use: Scroll            |     6 |     4 |     3 |     7 |     2 ||    22
       Potion            |       |     1 |     1 |     1 |       ||     3
 Stab: Distracted        |       |       |       |     3 |       ||     3
       Petrified         |       |       |       |       |     2 ||     2
Armor: Scale mail        |    49 |    39 |       |       |       ||    88
       Plate armour      |       |    32 |   123 |   302 |   168 ||   625
Dodge: Dodged            |    56 |    60 |    53 |   165 |    53 ||   387
Block: Buckler           |    28 |    35 |    45 |   403 |   104 ||   615

Table legend: (Time is in decaauts)
 A = Elapsed time spent in this place.
 B = Non-inter-level travel time spent in this place.
 C = Inter-level travel time spent in this place.
 D = Time resting spent in this place.
 E = Time spent auto-exploring this place.
 F = Levels seen in this place.
 G = Mean time per level.
                   A        B        C        D        E       F      G
               +--------+--------+--------+--------+--------+-----+--------+
         Total |  13993 |  13435 |    558 |    665 |   9292 |  22 |  636.0 |
       Dungeon |   8646 |   8273 |    373 |    448 |   5948 |  10 |  864.6 |
          Lair |   4076 |   4000 |     76 |    217 |   2678 |   6 |  679.3 |
    Slime Pits |    698 |    590 |    108 |      0 |    501 |   5 |  139.6 |
        Bailey |    571 |    571 |      0 |      0 |    164 |   1 |  571.0 |
               +--------+--------+--------+--------+--------+-----+--------+

Top non-repeatable levels by time:
     D:3: 1525 daAuts
  Lair:3: 1097 daAuts
     D:1: 1080 daAuts
     D:2: 1016 daAuts
     D:7: 979 daAuts
  Lair:1: 849 daAuts
     D:8: 834 daAuts
  Lair:4: 806 daAuts
     D:9: 783 daAuts
     D:6: 732 daAuts
  Lair:2: 731 daAuts
    D:10: 583 daAuts
     D:4: 581 daAuts
  Bailey: 571 daAuts
  Lair:5: 554 daAuts
